 Dungeon Crawl Stone Soup version 0.30-a0-711-gf4ac18a38d (webtiles) character file.

Game seed: 1924759965902449426

25767 tilp the Carver (level 13, -4/122 HPs)
             Began as a Meteoran Fighter on Jan 22, 2023.
             Was a High Priest of Okawaru.
             Slain by an eight-headed hydra (9 damage)
             ... on level 5 of the Lair of Beasts.
             The game lasted 00:44:30 (8166 turns).

tilp the Carver (Meteoran Fighter)                  Turns: 8166, Time: 00:44:30

Health: -4/122     AC: 17    Str: 27    XL:     13   Next: 90%
Magic:  20/21      EV: 17    Int: 11    God:    Okawaru [*****.]
Gold:   531        SH: 10    Dex: 18    Spells: 12/12 levels left

rFire   . . .      SeeInvis .    b - +1 rapier (drain)
rCold   + + .      Faith    .    T - +3 buckler of the World {Drain *Slow +Blink rCorr}
rNeg    . . .      Spirit   .    D - +0 chain mail
rPois   +          Reflect  .    (no helmet)
rElec   .          Harm     .    B - +0 cloak
rCorr   +          Rampage  .    y - +1 pair of gloves of Cocytus {rC++ Str+3}
Will    +....                    F - +0 pair of boots
Stlth   +                        (no amulet)
HPRegen 0.40/turn                d - +6 ring of strength
MPRegen 0.17/turn                c - ring of poison resistance

@: heroic, glowing, studying Fighting
A: sense surroundings 2, otherworldly, glowing, explore regen
a: Renounce Religion, Evoke Blink, Heroism, Finesse, Duel


You were on level 5 of the Lair of Beasts.
You worshipped Okawaru.
Okawaru was extremely pleased with you.
You visited 3 branches of the dungeon, and saw 18 of its levels.
You also visited: Ossuary.

You collected 939 gold pieces.
You spent 408 gold pieces at shops.

Inventory:

Hand Weapons
 a - a +1 scimitar of venom
 b - a +1 rapier of draining (weapon)
 x - a +3 triple sword of electrocution
 P - a +6 great sword
 S - a +0 long sword of freezing
 V - a +2 great sword of freezing
 Y - the +4 dire flail "Trog's Hatred" {flame, rElec Int+3}
   (You found it on level 10 of the Dungeon)

   Int:       It affects your intelligence (+3).
   rElec:     It insulates you from electricity.
 Z - a +2 heavy great sword
Missiles
 e - 6 boomerangs
 o - 9 poisoned darts (quivered)
 t - 8 atropa-tipped darts
 M - 2 datura-tipped darts
Armour
 h - a +0 plate armour
 r - a +2 pair of gloves
 y - the +1 pair of gloves of Cocytus (worn) {rC++ Str+3}
   (You acquired it on level 9 of the Dungeon)

   Str:       It affects your strength (+3).
   rC:        It greatly protects you from cold.
 B - a +0 cloak (worn)
 D - a +0 chain mail (worn)
 F - a +0 pair of boots (worn)
 T - the +3 buckler of the World (worn) {Drain *Slow +Blink rCorr}
   (You found it on level 9 of the Dungeon)

   +Blink:    It lets you blink.
   rCorr:     It protects you from acid and corrosion.
   Drain:     It drains your maximum health when unequipped.
   *Slow:     It may slow you when you take damage.
Jewellery
 c - a ring of poison resistance (right hand)
 d - a +6 ring of strength (left hand)
 I - a ring of positive energy
 N - a ring of protection from cold
 W - a ring of see invisible
 X - a ring of fire
Wands
 u - a wand of flame (18)
 O - a wand of digging (6)
 R - a wand of mindburst (20)
 U - a wand of roots (7)
Scrolls
 f - 2 scrolls of poison
 g - a scroll of teleportation
 p - 6 scrolls of magic mapping
 q - a scroll of vulnerability
 A - a scroll of blinking
 G - 4 scrolls of identify
 H - 2 scrolls of fog
 K - a scroll of torment
 Q - 2 scrolls of silence
Potions
 i - 2 potions of berserk rage
 j - 2 potions of lignification
 k - 4 potions of flight
 l - 14 potions of curing
 m - a potion of resistance
 n - 3 potions of attraction
 v - 2 potions of ambrosia
 w - 2 potions of cancellation
 z - a potion of heal wounds
 C - 3 potions of haste


   Skills:
 * Level 13.0(18.0) Fighting
 * Level 14.5(19.5) Long Blades
 + Level 6.6(11.6) Throwing
 + Level 6.6(11.6) Armour
 + Level 10.4(15.4) Dodging
 - Level 4.0(9.0) Stealth
 - Level 5.0(10.0) Shields
 - Level 10.0 Invocations
 + Level 6.7 Evocations


You had 12 spell levels left.
You didn't know any spells.
Your spell library was empty.

Dungeon Overview and Level Annotations

Branches:
Dungeon (12/15) Zot: 1128  Temple (1/1) D:6 Zot: 554    Lair (5/5) D:11 Zot: 1315
 Shoals (0/4) Lair:2       Spider (0/4) Lair:3          Orc (0/2) D:9
Ossuary (visited)
  Slime: Lair:4-5

Altars:
Ashenzari
Cheibriados
Dithmenos
Elyvilon
Fedhas
Hepliaklqana
Kikubaaqudgha
Nemelex Xobeh
Okawaru
Qazlal
Sif Muna
Trog
Wu Jian

Shops:
D:2 =   D:3 *   D:6 =   D:9 (   D:11 *

Annotations:
D:11 3 runed translucent doors, Jifobihuu's ghost, journeyman FoFi
Lair:2 2 transporters, Muix's ghost, journeyman DsIE
Lair:3 1 runed translucent door, Huaprist's ghost, journeyman DEIE
Lair:4 4 runed translucent doors, Chingon's ghost, journeyman MiFi; Suaff's ghost, journeyman OpFE; caveywoolpert's ghost, journeyman DsEE


Innate Abilities, Weirdness & Mutations

You passively map the area around you.
You are easily found by Zot.
You glow in the dark.
You regain HP and MP as you explore.


Message History

The eight-headed hydra bites you.
* * * LOW HITPOINT WARNING * * *
The eight-headed hydra bites you but does no damage. x2
Unknown command.
Aiming: Fastroot
Press: ? - help, Shift-Dir - straight line The roots erupt in riotous growth!
Roots grab the eight-headed hydra.
The grasping roots constrict the eight-headed hydra!
You hear an angry growl.
You hear a trumpeting!
You hear an angry hiss. x2
The eight-headed hydra barely misses you.
The eight-headed hydra misses you. The eight-headed hydra bites you.
* * * LOW HITPOINT WARNING * * *
The eight-headed hydra bites you!
* * * LOW HITPOINT WARNING * * *
You block the eight-headed hydra's attack.
The eight-headed hydra bites you.
* * * LOW HITPOINT WARNING * * *
The eight-headed hydra closely misses you.
You block the eight-headed hydra's attack.
Unknown command.
Unknown command.
Unknown command.
The grasping roots constrict the eight-headed hydra!
The eight-headed hydra escapes!
The eight-headed hydra attacks as you move away!
You block the eight-headed hydra's attack.
The eight-headed hydra barely misses you.
The eight-headed hydra bites you but does no damage.
You block the eight-headed hydra's attack.
The eight-headed hydra bites you but does no damage.
The eight-headed hydra completely misses you.
The eight-headed hydra closely misses you.
You block the eight-headed hydra's attack.
Okay, then.
You fail to use your ability.
You block the eight-headed hydra's attack. x3
The eight-headed hydra bites you but does no damage. x4
The eight-headed hydra bites you!
You die...

#............##..................
....#.......##........##.).......
.........).###........#..........
..........##P..........#.........
..........###..........###.......
........#..##.........#* ###....<
.......P##.###........# ##.†..
.......##*###.#.......# #....
.....#.# #.#..@....## #....
...†#.## ##...DS...# ###..
....†## #.......## #... ..###.#
#..........# ###. .## ### *
*##.........# *#.# ##* * *
#.........# #.## ###.. *
*#...........* ...#. .....,,,
#........... .#.... ..... ,
,............ .....


You could see an eight-headed hydra (drained) and a water moccasin.

Vanquished Creatures
  A hydra (Lair:5)
  Erolcha (D:10)
  2 centaur warriors (D:10)
  4 death yaks
  A fire crab (Lair:5)
  6 elephants (Lair:2)
  Maurice (D:8)
  2 black mambas (Lair:4)
  2 cane toads
  An unseen horror (D:11)
  7 komodo dragons
  2 rime drakes (Lair:5)
  A yaktaur (D:10)
  A merfolk (Lair:2)
  2 trolls
  A polar bear (Lair:5)
  A hornet (D:11)
  A dream sheep (Lair:5)
  Grinder (D:5)
  A slime creature (D:10)
  2 shadows
  Sigmund (D:5)
  A wraith (D:11)
  5 wyverns
  3 basilisks (Lair:4)
  23 yaks
  4 redbacks (Lair:3)
  2 steam dragons
  A vampire mosquito (D:10)
  An acid dragon (D:10)
  5 water moccasins
  A floating eye (Lair:5)
  3 ice beasts
  5 orc warriors
  A sky beast (D:6)
  2 black bears
  10 wolves
  3 centaurs
  A boggart (D:10)
  3 phantoms
  A kobold brigand (D:7)
  6 bullfrogs
  2 necrophages
  4 scorpions
  24 wights
  11 killer bees
  2 electric eels (D:11)
  3 howler monkeys
  Crazy Yiuf (D:5)
  6 hounds
  A gnoll bouda (D:7)
  An iguana (D:4)
  5 orc priests
  3 orc wizards
  13 mummies (Ossuary)
  Robin (D:2)
  10 gnolls
  11 adders
  2 shadow imps (D:6)
  A worm (D:3)
  2 dart slugs
  19 orcs
  10 ball pythons
  6 endoplasms
  3 giant cockroaches
  10 goblins
  12 hobgoblins
  8 quokkas
  6 bats
  A frilled lizard (D:3)
  2 gnoll skeletons (Ossuary)
  4 goblin skeletons (Ossuary)
  8 kobolds
  A kobold skeleton (Ossuary)
  An orc skeleton (Ossuary)
  5 rats
  11 rat skeletons (Ossuary)
333 creatures vanquished.

Vanquished Creatures (others)
  3 fungi
  4 plants
  6 toadstools (D:7)
13 creatures vanquished.

Grand Total: 346 creatures vanquished

Notes
Turn   | Place    | Note
-------+----------+-------------------------------------------
     0 | D:1      | tilp the Meteoran Fighter began the quest for the Orb.
     0 | D:1      | Reached XP level 1. HP: 19/19 MP: 2/2
    37 | D:1      | Reached XP level 2. HP: 26/26 MP: 3/3
   156 | D:1      | Reached skill level 1 in Dodging
   225 | D:1      | Reached XP level 3. HP: 28/31 MP: 4/4
   549 | D:2      | Noticed Robin
   564 | D:2      | Reached XP level 4. HP: 33/38 MP: 5/5
   577 | D:2      | Killed Robin
   578 | D:2      | Reached skill level 3 in Long Blades
   603 | D:2      | Found Cemp's Jewellery Boutique.
   764 | D:3      | Found Fosk's Assorted Antiques.
   770 | D:3      | Bought a scroll labelled SEULESIBUA for 26 gold pieces
   770 | D:3      | Bought a scroll labelled OMEYZA QUPLUQ for 26 gold pieces
   879 | D:3      | Noticed a necrophage
   890 | D:3      | Killed a necrophage
   891 | D:3      | Reached skill level 1 in Stealth
   891 | D:3      | Reached XP level 5. HP: 44/46 MP: 6/6
  1044 | D:4      | Reached XP level 6. HP: 48/52 MP: 7/7
  1524 | D:5      | Entered Level 5 of the Dungeon
  1529 | D:5      | Noticed Grinder
  1530 | D:5      | Paralysed by Grinder for 5 turns
  1541 | D:5      | Paralysed by Grinder for 5 turns
  1555 | D:5      | Killed Grinder
  1556 | D:5      | Reached skill level 4 in Long Blades
  1556 | D:5      | Reached skill level 5 in Shields
  1556 | D:5      | Reached XP level 7. HP: 49/59 MP: 8/8
  1567 | D:5      | Reached skill level 1 in Throwing
  1820 | D:4      | Found a stormy altar of Qazlal.
  1900 | D:4      | Reached XP level 8. HP: 59/67 MP: 9/9
  2011 | D:5      | Found a white marble altar of Elyvilon.
  2070 | D:5      | Reached skill level 1 in Evocations
  2094 | D:5      | Reached skill level 5 in Fighting
  2134 | D:5      | Found a runed translucent door.
  2135 | D:5      | Noticed Crazy Yiuf
  2153 | D:5      | Killed Crazy Yiuf
  2198 | D:5      | Noticed Sigmund
  2232 | D:5      | Killed Sigmund
  2269 | D:5      | Reached skill level 5 in Long Blades
  2269 | D:5      | Reached skill level 5 in Dodging
  2327 | D:6      | Reached skill level 5 in Armour
  2348 | D:6      | Found a sparkling altar of Nemelex Xobeh.
  2388 | D:6      | Gained mutation: You passively map the area around you.
                  | [Meteoran growth]
  2388 | D:6      | Reached XP level 9. HP: 42/75 MP: 10/10
  2500 | D:6      | Found a sand-covered staircase.
  2511 | Ossuary  | Entered an ossuary
  2998 | D:3      | Bought a scroll of teleportation for 78 gold pieces
  2998 | D:3      | Bought a purple potion for 23 gold pieces
  2998 | D:3      | Bought a brown potion for 23 gold pieces
  3068 | D:6      | Found a shadowy altar of Dithmenos.
  3076 | D:6      | Found a staircase to the Ecumenical Temple.
  3140 | D:6      | Found Limoify's Jewellery Shoppe.
  3234 | Temple   | Entered the Ecumenical Temple
  3273 | Temple   | Became a worshipper of Warmaster Okawaru
  3371 | D:6      | Reached skill level 1 in Invocations
  3440 | D:6      | Reached * piety under Okawaru
  3511 | D:7      | Reached XP level 10. HP: 63/86 MP: 12/12
  3569 | D:7      | Reached skill level 6 in Long Blades
  3616 | D:8      | Noticed Maurice
  3664 | D:8      | Killed Maurice
  3664 | D:8      | Reached ** piety under Okawaru
  3665 | D:8      | Reached skill level 7 in Long Blades
  3665 | D:8      | Reached skill level 5 in Invocations
  4053 | D:8      | Reached *** piety under Okawaru
  4242 | D:9      | Reached XP level 11. HP: 89/93 MP: 14/17
  4343 | D:9      | Received a gift from Okawaru
  4344 | D:9      | Reached skill level 8 in Long Blades
  4432 | D:10     | Entered Level 10 of the Dungeon
  4590 | D:9      | Found Hegolupn's Weapon Shop.
  4638 | D:9      | Received a gift from Okawaru
  4643 | D:9      | Found a staircase to the Orcish Mines.
  4667 | D:9      | Identified the +3 buckler of the World {Drain *Slow +Blink
                  | rCorr}
  4693 | D:9      | Identified 3 scrolls of acquirement
  4697 | D:9      | Acquired the +1 pair of gloves of Cocytus {rC++ Str+3}
  4698 | D:9      | Acquired a +3 triple sword of electrocution
  4700 | D:9      | Acquired a manual of Fighting
  4787 | D:10     | Noticed Erolcha
  4881 | D:10     | Found a blossoming altar of Fedhas.
  4882 | D:10     | Found an ancient bone altar of Kikubaaqudgha.
  5069 | D:10     | Noticed a centaur warrior
  5080 | D:10     | Killed a centaur warrior
  5081 | D:10     | Reached skill level 9 in Long Blades
  5143 | D:10     | Killed Erolcha
  5144 | D:10     | Reached skill level 5 in Throwing
  5144 | D:10     | Reached skill level 5 in Evocations
  5272 | D:10     | Reached **** piety under Okawaru
  5330 | D:10     | Reached XP level 12. HP: 81/106 MP: 17/19
  5333 | D:10     | Reached skill level 10 in Fighting
  5334 | D:10     | Noticed a centaur warrior
  5352 | D:10     | Killed a centaur warrior
  5390 | D:10     | Noticed a two-headed ogre
  5435 | D:11     | Reached ***** piety under Okawaru
  5441 | D:11     | Reached skill level 10 in Long Blades
  5807 | D:2      | Bought a ring of see invisible for 180 gold pieces
  6125 | D:10     | Identified the +4 dire flail "Trog's Hatred" {flame, rElec
                  | Int+3}
  6178 | D:11     | Found a staircase to the Lair.
  6265 | D:11     | Noticed Jifobihuu's ghost (journeyman FoFi)
  6267 | D:11     | Found a runed translucent gate.
  6271 | D:11     | Found a runed translucent gate.
  6273 | D:11     | Found a runed translucent gate.
  6306 | D:12     | Noticed a boulder beetle
  6321 | D:11     | Found Azal Ylaxu's General Store.
  6329 | D:11     | Bought a scroll of identify for 26 gold pieces
  6329 | D:11     | Bought a scroll of identify for 26 gold pieces
  6390 | Lair:1   | Entered Level 1 of the Lair of Beasts
  6449 | Lair:1   | Reached skill level 11 in Long Blades
  6564 | Lair:2   | Noticed Muix's ghost (journeyman DsIE)
  6566 | Lair:2   | Found a transporter.
  6602 | Lair:3   | Noticed Huaprist's ghost (journeyman DEIE)
  6602 | Lair:3   | Found a runed translucent door.
  6749 | Lair:2   | Reached skill level 10 in Invocations
  6772 | Lair:2   | Reached skill level 10 in Dodging
  6775 | Lair:2   | Received a gift from Okawaru
  6776 | Lair:2   | Reached XP level 13. HP: 33/116 MP: 21/21
  6866 | Lair:2   | Reached skill level 12 in Long Blades
  6893 | Lair:2   | Found a transporter.
  7034 | Lair:2   | Found a staircase to the Shoals.
  7141 | Lair:4   | Found a runed translucent gate.
  7141 | Lair:4   | Found a runed translucent gate.
  7141 | Lair:4   | Found a runed translucent gate.
  7210 | Lair:3   | Found a hole to the Spider Nest.
  7290 | Lair:5   | Entered Level 5 of the Lair of Beasts
  7290 | Lair:5   | Noticed a death yak
  7290 | Lair:5   | Noticed a death yak
  7290 | Lair:5   | Noticed a death yak
  7290 | Lair:5   | Noticed a death yak
  7390 | Lair:5   | Noticed an eight-headed hydra
  7531 | Lair:4   | Reached skill level 13 in Long Blades
  7665 | Lair:4   | Found a runed translucent door.
  7671 | Lair:4   | Noticed a six-headed hydra
  7731 | Lair:4   | Noticed Chingon's ghost (journeyman MiFi)
  7732 | Lair:4   | Noticed caveywoolpert's ghost (journeyman DsEE)
  7732 | Lair:4   | Noticed Suaff's ghost (journeyman OpFE)
  7824 | Lair:4   | Identified the +0 pair of boots "Rebirec" {Str+3} (Okawaru
                  | gifted it to you on level 4 of the Lair of Beasts)
  7824 | Lair:4   | Received a gift from Okawaru
  7911 | Lair:5   | Killed an eight-headed hydra
  7915 | Lair:5   | Reached skill level 14 in Long Blades
  7988 | Lair:5   | Killed a death yak
  7999 | Lair:5   | Killed a death yak
  8030 | Arena    | Entered the Arena
  8030 | Arena    | Killed a death yak
  8052 | Lair:5   | Killed a death yak
  8135 | Lair:5   | Paralysed by a floating eye for 3 turns
  8142 | Lair:5   | Paralysed by a floating eye for 2 turns
  8146 | Lair:5   | Paralysed by a floating eye for 4 turns
  8155 | Lair:5   | Noticed an eight-headed hydra
  8163 | Lair:5   | HP: 4/122 [eight-headed hydra (4)]
  8166 | Lair:5   | Slain by an eight-headed hydra

Illustrated notes

Levels and vault maps discovered:
D:1:      amcnicky_arrival_blooded_trapdoor, layout_basic,
          ebering_ecumenical_altar_mist, nicolae_concentric_dashed_squares_wild,
          minmay_fountain_box
D:2:      layout_loops_ring, serial_shops, shop_statue, grunt_decor_resistance,
          uniq_robin
D:3:      layout_basic, serial_shops, nicolae_shop_stone,
          hangedman_decor_lopped, chequers_serial_rivers_micro_e,
          grunt_ministairs_14
D:4:      layout_cave_pools, lemuel_doored_altar
D:5:      layout_cave_pods, kennysheep_mini, mainiacjoe_overflow_brackets,
          uniq_sigmund, uniq_grinder, uniq_crazy_yiuf_cottage
D:6:      layout_basic, nicolae_overflow_crystal_walls,
          nicolae_dithmenos_shadow_blocks, minmay_temple_entry_waves,
          serial_shops, shop, nicolae_ossuary_entry_monument
D:7:      layout_rooms, general_overflow_altar, minmay_gold_behind_fungi
D:8:      layout_basic, lemuel_coloured_pillars_altar, mrwooster_statue_mirror,
          uniq_maurice
D:9:      layout_cave_pools, orc_david_3
D:10:     layout_loops_ring, grunt_temple_overflow_growth_and_decay,
          minmay_pinched_square, uniq_erolcha
D:11:     layout_basic, erik_lair_island, biasface_ghost_orc_armoury,
          serial_shops, nicolae_square_shop, gauntlet_entry_generic
D:12:     layout_roguey, serial_shops, kennysheep_little_box, minmay_puff
Temple:   hellmonk_temple_forest_ring
Lair:1:   layout_hall_layers, gammafunk_lair_bear_cave, uniq_gastronok
Lair:2:   layout_roguey, elwin_shoals_entry_rooms, nzn_ghost_randoct
Lair:3:   layout_big_grid, spider_nest_entry_webs, ebering_ghost_inner_flame,
          chequers_serial_rivers_micro_e
Lair:4:   layout_long_grid, gammafunk_ghost_cemetery, pf_torpor_hydra,
          serial_bayou_shore_b, lemuel_fruit_tree, uniq_kirke
Lair:5:   minmay_lair_end_enchanted_forest, layout_hall_layers,
          minmay_slime_entry_eyes

Skill      XL: |  1  2  3  4  5  6  7  8  9 10 11 12 13 |
---------------+----------------------------------------+-----
Dodging        | 1 2 3 4 5 7 8 10 | 10.4
Long Blades    | 3 4 5 7 9 11 14 | 14.5
Shields        | 4 5 |  5.0
Armour         | 4 5 6 |  6.6
Stealth        | 1 2 3 4 |  4.0
Fighting       | 4 5 7 8 9 11 13 | 13.0
Throwing       | 1 2 4 5 6 |  6.6
Evocations     | 2 3 4 5 6 |  6.7
Invocations    | 2 7 8 10 | 10.0

Action                     |  1- 3 |  4- 6 |  7- 9 | 10-12 | 13-15 || total
---------------------------+-------+-------+-------+-------+-------++-------
  Melee: Long sword        |    82 |   125 |   502 |   360 |       ||  1069
         Scimitar          |       |       |       |   389 |   256 ||   645
         Rapier            |       |       |       |       |    15 ||    15
  Throw: Boomerang         |       |       |     2 |     3 |       ||     5
         Dart              |       |       |       |     2 |     9 ||    11
 Invoke: Heroism           |       |       |       |     9 |     3 ||    12
         Finesse           |       |       |       |       |     1 ||     1
         Duel              |       |       |       |       |     1 ||     1
  Evoke: Wand              |       |       |       |     2 |     4 ||     6
    Use: Potion            |     1 |     1 |     3 |     2 |       ||     7
         Scroll            |     1 |       |    13 |    15 |     1 ||    30
 Armour: Scale mail        |    42 |    88 |   239 |    39 |       ||   408
         Chain mail        |       |       |       |   318 |   115 ||   433
  Dodge: Dodged            |    32 |    51 |   207 |   381 |   141 ||   812
  Block: Buckler           |    18 |    47 |   128 |   292 |    99 ||   584

Table legend: (Time is in decaauts)
 A = Elapsed time spent in this place.
 B = Non-inter-level travel time spent in this place.
 C = Inter-level travel time spent in this place.
 D = Time resting spent in this place.
 E = Time spent auto-exploring this place.
 F = Levels seen in this place.
 G = Mean time per level.
                   A        B        C        D        E       F      G
               +--------+--------+--------+--------+--------+-----+--------+
         Total |   8254 |   6697 |   1557 |     91 |      0 |  20 |  412.7 |
       Dungeon |   6071 |   4726 |   1345 |      0 |      0 |  12 |  505.9 |
        Temple |     45 |     39 |      6 |     26 |      0 |   1 |   45.0 |
          Lair |   1683 |   1477 |    206 |      0 |      0 |   5 |  336.6 |
       Ossuary |    440 |    440 |      0 |     60 |      0 |   1 |  440.0 |
         Arena |     14 |     14 |      0 |      5 |      0 |   1 |   14.0 |
               +--------+--------+--------+--------+--------+-----+--------+

Top non-repeatable levels by time:
     D:3: 843 daAuts
    D:10: 782 daAuts
     D:8: 658 daAuts
     D:5: 632 daAuts
     D:2: 596 daAuts
     D:9: 582 daAuts
  Lair:2: 581 daAuts
  Lair:4: 510 daAuts
     D:6: 492 daAuts
     D:4: 459 daAuts
 Ossuary: 440 daAuts
    D:11: 398 daAuts
     D:7: 321 daAuts
  Lair:5: 307 daAuts
     D:1: 300 daAuts
